 Dungeon Crawl Stone Soup version 0.30.0-10-gfe55d96785 (webtiles) character file.

Game seed: 4549571752217135301

4032 dialectric the Carver (level 10, -4/77 HPs)
             Began as a Demonspawn Fighter on May 14, 2023.
             Was an Initiate of Yredelemnul.
             Killed from afar by Erica (20 damage)
             ... with a lance of force
             ... on level 8 of the Dungeon.
             The game lasted 00:15:13 (9985 turns).

dialectric the Carver (Demonspawn Fighter)          Turns: 9985, Time: 00:15:14

Health: -4/77      AC: 19    Str: 20    XL:     10   Next: 4%
Magic:  19/19      EV: 16    Int: 10    God:    Yredelemnul [......]
Gold:   563        SH:  0    Dex: 13    Spells: 7/9 levels left

rFire   x . .        a - +0 long sword
rCold   . . .        (no shield)
rNeg    . . .        b - +0 scale mail
rPois   +            (helmet restricted)
rElec   .            G - +0 cloak
rCorr   .            i - +0 pair of gloves
SInv    .            f - +1 pair of boots
Will    .....        H - amulet of the acrobat Stlth
                     I - ring of magical power
HPRegen 0.32/turn    M - +5 ring of evasion
MPRegen 0.16/turn

%: acrobat
@: confused, mighty, sanguine armoured
A: antennae 2, sanguine armour 1, demonic magic 2, poison resistance, heat
vulnerability 1, MP-powered wands
a: Renounce Religion, Recall Undead Harvest


You were on level 8 of the Dungeon.
You worshipped Yredelemnul.
Yredelemnul was noncommittal.
You visited 1 branch of the dungeon, and saw 8 of its levels.
You also visited: Sewer.

You collected 563 gold pieces.

Inventory:

Hand Weapons
 a - a +0 long sword (weapon)
 s - a +0 falchion of holy wrath
 v - a +0 rapier
 F - a +4 quarterstaff of chaos
 S - a +5 trident of freezing
Missiles
 n - 5 poisoned darts (quivered)
 y - 4 throwing nets
Armour
 b - a +0 scale mail (worn)
 f - a +1 pair of boots (worn)
 i - a +0 pair of gloves (worn)
 l - a +2 helmet
 m - a +2 tower shield
 G - a +0 cloak (worn)
Magical Staves
 p - the staff of fire "Qeuss" {rF+ MP+9}
   (You found it on level 2 of the Dungeon)

   [staff of fire]

   Base accuracy: +5 Base damage: 5 Base attack delay: 1.2 This weapon's minimum
   attack delay (0.6) is reached at skill level 12.
   rF:        It protects you from fire.
   MP:        It affects your magic capacity (+9).
   It falls into the 'Staves' category.
   It is a one-handed weapon.
Jewellery
 H - an amulet of the acrobat (around neck)
 I - a ring of magical power (left hand)
 M - a +5 ring of evasion (right hand)
 N - a +6 ring of intelligence
 O - an amulet of guardian spirit
 Q - a ring of fire
Wands
 L - a wand of light (9)
Scrolls
 e - a scroll of vulnerability
 h - 2 scrolls of blinking {unknown}
 q - 3 scrolls of amnesia {unknown}
 r - a scroll of teleportation
 t - a scroll of torment {unknown}
 z - a scroll of silence {unknown}
 B - a scroll of brand weapon {unknown}
 C - 2 scrolls of enchant weapon {unknown}
 D - a scroll of immolation {unknown}
 J - 3 scrolls of fog
 K - a scroll of identify
 P - a scroll of poison {unknown}
 R - a scroll of enchant armour {unknown}
Potions
 d - 3 potions of might
 g - a potion of lignification
 j - a potion of invisibility {unknown}
 k - a potion of ambrosia
 u - 2 potions of cancellation {unknown}
 w - a potion of resistance
 x - 2 potions of attraction
 A - 3 potions of magic
 E - a potion of mutation


   Skills:
 + Level 6.6 Fighting
 + Level 8.9 Long Blades
 + Level 0.5 Throwing
 * Level 7.5 Armour
 + Level 4.1 Dodging
 - Level 2.6 Shields
 + Level 1.3 Evocations


You had 7 spell levels left.
You knew the following spells:

 Your Spells              Type           Power      Damage    Failure   Level
a - Passwall              Tmut/Erth      0%         N/A       82%         2

Your spell library contained the following spells:

 Spells                   Type           Power      Damage    Failure   Level
 Sandblast                Erth           0%         2d4       67%         1
 Blink                    Tloc           0%         N/A       82%         2
 Lesser Beckoning         Tloc           0%         N/A       82%         2
 Scorch                   Fire           0%         2d5       82%         2
 Dazzling Flash           Conj/Hex       0%         N/A       96%         3
 Gell's Gravitas          Tloc           0%         N/A       96%         3
 Portal Projectile        Hex/Tloc       0%         N/A       96%         3
 Stone Arrow              Conj/Erth      0%         3d7       96%         3
 Teleport Other           Tloc           0%         N/A       96%         3
 Tukima's Dance           Hex            0%         N/A       96%         3
 Volatile Blastmotes      Fire/Tloc      0%         2d10      96%         3
 Flame Wave               Conj/Fire      0%         2d4       100%        4
 Iskenderun's Mystic Bla  Conj/Tloc      0%         2d3       100%        4
 Manifold Assault         Tloc           0%         N/A       100%        4
 Blade Hands              Tmut           0%         N/A       100%        5
 Starburst                Conj/Fire      0%         6d3       100%        6
 Summon Cactus Giant      Summ           0%         N/A       100%        6
 Storm Form               Tmut/Air       0%         N/A       100%        7


Dungeon Overview and Level Annotations

Branches:
Dungeon (8/15)             Temple (0/1) D:4           Sewer (visited)
   Lair: D:8-11

Altars:
Ashenzari
Dithmenos
Gozag
Hepliaklqana
Ru
Vehumet
Xom
Yredelemnul

Annotations:
D:7 2 transporters, 2FriedEggs's ghost, novice OpSu
D:8 Erica


Innate Abilities, Weirdness & Mutations

You have a pair of antennae on your head.
When seriously injured, your blood forms armour. (AC +6)
Spells you cast may paralyse nearby enemies.
Your system is resistant to poisons. (rPois)
You are vulnerable to heat. (rF-)
You expend magic power (3 MP) to strengthen your wands.


Message History

Erica burns you. The orc warrior misses you.
You closely miss the orc warrior.
Erica casts a spell.
Erica flickers and vanishes!
Deactivating autopickup; reactivate with Ctrl-A.
The orc warrior misses you.
You hear a shout!
You slash something!
You feel less confused. Something hits you!
* * * LOW HITPOINT WARNING * * *
Something burns you!
* * * LOW HITPOINT WARNING * * *
The orc warrior misses you.
You feel much better.
You hear some strange, mumbled words.
You are confused.
The orc warrior hits you with a +0 war axe.
Unknown command.
You hit something. Something hits you but does no damage.
The orc warrior hits you but does no damage.
Unknown command.
Unknown command.
You are too confused!
You bump into the rock wall.
Something completely misses you. The orc warrior closely misses you.
You bump into the rock wall.
Something hits you. Something burns you.
The orc warrior hits you with a +0 war axe!
* * * LOW HITPOINT WARNING * * *
You bump into the rock wall.
Something hits you.
* * * LOW HITPOINT WARNING * * *
Something burns you.
* * * LOW HITPOINT WARNING * * *
The orc warrior hits you but does no damage.
You bump into the rock wall.
You hear some strange, mumbled words.
A lance of force appears from out of thin air!
The lance of force hits you!!
You die...
Your body rises from the dead as a mindless zombie. ..... #.......#≈≈#...# ≈≈ ...... #.#.##..##≈#...#### ......# #.#.########....... #..o####...# ##..##### #.oZ[..oK## #...# #.#o#####K# #...# #K# #o# #...# #KK

#o# ##.## # #@#
##.# ### {#{#
####..#.....
.F.>.##.....#.#...
.##.......)#######+
#. ...###.#...#...#
. #.###.Z#...#...#
## .# #.##.......#
.# #<####._.###
#.##...Z...#


You could see an orc warrior, a kobold brigand, a bullfrog, 2 orcs and a kobold.

Vanquished Creatures
  Joseph (D:8)
  Sigmund (D:3)
  An acid dragon (D:5)
  3 water moccasins
  2 orc warriors
  2 ice beasts
  3 ogres
  4 centaurs
  6 phantoms
  A gnoll sergeant (D:7)
  2 scorpions (D:5)
  3 wights (D:7)
  A killer bee (D:5)
  8 hounds
  Crazy Yiuf (D:5)
  4 orc priests
  2 iguanas
  5 orc wizards
  19 gnolls
  14 adders
  A river rat (Sewer)
  A white imp (D:8)
  2 worms
  11 orcs
  6 bats
  5 endoplasms
  7 giant cockroaches
  5 goblins
  12 hobgoblins
  3 jackals (Sewer)
  3 quokkas
  21 ball pythons
  6 frilled lizards
  6 kobolds
  5 rats
  A spectral orc (D:3)
178 creatures vanquished.

Vanquished Creatures (collateral kills)
  Duvessa (D:4)
  A phantom (D:6)
  A bullfrog (D:7)
  Dowan (D:4)
  A gnoll bouda (D:7)
  2 adders
  A river rat (Sewer)
  3 frilled lizards
11 creatures vanquished.

Vanquished Creatures (others)
  A water moccasin zombie (D:8)
  A centaur zombie (D:7)
  An ogre zombie (D:5)
  2 hound zombies
  2 adder zombies
  A spectral white imp (D:8)
  3 gnoll zombies
  2 ball python zombies (Sewer)
  A frilled lizard zombie (Sewer)
  2 kobold zombies
  5 orc zombies
21 creatures vanquished.

Grand Total: 210 creatures vanquished

Notes
Turn   | Place    | Note
-------+----------+-------------------------------------------
     0 | D:1      | dialectric the Demonspawn Fighter began the quest for the
                  | Orb.
     0 | D:1      | Reached XP level 1. HP: 18/18 MP: 1/1
   142 | D:1      | Gained mutation: Spells you cast may paralyse adjacent
                  | enemies. [demonic ancestry]
   142 | D:1      | Reached XP level 2. HP: 23/24 MP: 2/2
   212 | D:1      | Reached skill level 2 in Long Blades
   512 | D:1      | Gained mutation: Spells you cast may paralyse nearby
                  | enemies. [demonic ancestry]
   512 | D:1      | Reached XP level 3. HP: 29/29 MP: 3/3
  1055 | D:2      | Reached skill level 1 in Dodging
  1184 | D:2      | Reached XP level 4. HP: 8/35 MP: 4/4
  1296 | D:2      | Learned a level 2 spell: Passwall
  1336 | D:2      | Identified the staff of fire "Qeuss" {rF+ MP+9}
  1861 | D:3      | Found a shimmering altar of Xom.
  1983 | D:3      | Noticed Sigmund
  2020 | D:4      | Noticed Dowan
  2021 | D:4      | Noticed Duvessa
  2042 | D:4      | Reached skill level 3 in Long Blades
  2263 | D:3      | Found a basalt altar of Yredelemnul.
  2269 | D:3      | Gained mutation: When seriously injured, your blood forms
                  | armour. (AC +6) [demonic ancestry]
  2269 | D:3      | Reached XP level 5. HP: 40/41 MP: 5/5
  2272 | D:3      | Became a worshipper of Yredelemnul the Dark
  2353 | D:3      | Killed Sigmund
  2354 | D:3      | Reached skill level 4 in Long Blades
  2354 | D:3      | Reached XP level 6. HP: 42/48 MP: 6/6
  2437 | D:3      | Found a hazy altar of Hepliaklqana.
  2525 | D:3      | Found a faded altar of an unknown god.
  2568 | D:3      | Reached * piety under Yredelemnul
  2927 | D:4      | Found a staircase to the Ecumenical Temple.
  2955 | D:4      | Killed Duvessa
  2956 | D:4      | Reached skill level 5 in Long Blades
  2956 | D:4      | Gained mutation: You have a pair of small antennae on your
                  | head. [demonic ancestry]
  2956 | D:4      | Reached XP level 7. HP: 46/55 MP: 7/7
  3004 | D:4      | Killed Dowan
  3377 | D:4      | Reached ** piety under Yredelemnul
  3502 | D:4      | Found an opulent altar of Gozag.
  3915 | D:5      | Entered Level 5 of the Dungeon
  3944 | D:5      | Found a glowing drain.
  3978 | Sewer    | Entered a sewer
  4456 | D:5      | Reached skill level 6 in Long Blades
  4468 | D:5      | Reached skill level 5 in Fighting
  4468 | D:5      | Gained mutation: You have a pair of antennae on your head.
                  | [demonic ancestry]
  4468 | D:5      | Reached XP level 8. HP: 13/62 MP: 8/8
  4476 | D:5      | Reached skill level 5 in Armour
  4831 | D:5      | Reached skill level 7 in Long Blades
  5585 | D:5      | Found a runed translucent door.
  5586 | D:5      | Noticed Crazy Yiuf
  5610 | D:5      | Killed Crazy Yiuf
  5750 | D:6      | Found a shadowy altar of Dithmenos.
  5790 | D:6      | Reached skill level 1 in Evocations
  5790 | D:6      | Reached XP level 9. HP: 69/69 MP: 9/9
  5950 | D:6      | Found a broken altar of Ashenzari.
  5954 | D:6      | Saw a vision of the Swamp and the Spider Nest.
  5954 | D:6      | Noticed a broodmother
  5954 | D:6      | Noticed a boulder beetle
  5954 | D:6      | Noticed a spriggan rider
  5954 | D:6      | Noticed an eight-headed hydra
  5954 | D:6      | Noticed an eleionoma
  5954 | D:6      | Noticed a will-o-the-wisp
  5954 | D:6      | Noticed a spriggan druid
  5954 | D:6      | Noticed a spriggan rider
  5954 | D:6      | Noticed a bloated husk
  5954 | D:6      | Noticed a spriggan druid
  5954 | D:6      | Noticed a bloated husk
  5955 | D:6      | Noticed a demonic crawler
  5955 | D:6      | Noticed a bloated husk
  6865 | D:6      | Reached *** piety under Yredelemnul
  6991 | D:6      | Reached skill level 8 in Long Blades
  7278 | D:6      | Gained mutation: You are vulnerable to heat. (rF-) [potion
                  | of mutation]
  7278 | D:6      | Gained mutation: You expend magic power (3 MP) to
                  | strengthen your wands. [potion of mutation]
  7278 | D:6      | Gained mutation: Your system is resistant to poisons.
                  | (rPois) [potion of mutation]
  7442 | D:7      | Found a transporter.
  8450 | D:7      | Found a transporter.
  8465 | D:7      | Noticed 2FriedEggs's ghost (novice OpSu)
  9174 | D:8      | Found a sacrificial altar of Ru.
  9303 | D:8      | Found a radiant altar of Vehumet.
  9401 | D:8      | Noticed Joseph
  9434 | D:8      | Killed Joseph
  9435 | D:8      | Reached XP level 10. HP: 22/77 MP: 10/10
  9835 | D:8      | Noticed Erica
  9985 | D:8      | Killed from afar by Erica

Illustrated notes

Levels and vault maps discovered:
D:1:      arrival_zaba_pyramid, layout_basic
D:2:      layout_basic
D:3:      layout_rooms, lemuel_doored_altar,
          yredelemnul_forgotten_temple_becter,
          mainiacjoe_overflow_six_doors_small,
          hellmonk_ecumenical_altar_inner_sanctum, uniq_sigmund
D:4:      layout_basic, mainiacjoe_overflow_concentric_impassable,
          minmay_temple_entry_arrows, uniq_duvessa
D:5:      layout_loops_ring, cheibrodos_sewer_entry_drain,
          minmay_chambers_of_fives, uniq_crazy_yiuf_cottage
D:6:      layout_basic, nicolae_dithmenos_through_a_glass_darkly,
          grunt_ashenzari_visionary [grunt_ashenzari_visionary_swamp,
          grunt_ashenzari_visionary_spider],
          nicolae_concentric_dashed_squares_mild, grunt_ministairs_15
D:7:      layout_layer_cave, nzn_ghost_randoct, minmay_misc_feat_square
D:8:      layout_loops_cross, mainiacjoe_overflow_paths,
          nicolae_ru_great_annihilating_truth, serial_aquarium,
          aquarium_bridge_island_small [aquarium_subvault_small_water,
          aquarium_subvault_bridge, aquarium_subvault_bridge,
          aquarium_subvault_window, aquarium_subvault_bridge],
          aquarium_bridge_square [aquarium_subvault_bridge,
          aquarium_subvault_wall, aquarium_subvault_window,
          aquarium_subvault_bridge], aquarium_window_1, aquarium_window_2,
          aquarium_window_corner, aquarium_window_2, aquarium_view_2g,
          aquarium_view_2b, uniq_erica, uniq_joseph, uniq_amaemon

Skill      XL: |  1  2  3  4  5  6  7  8  9 |
---------------+----------------------------+-----
Long Blades    | 2 3 4 5 6 7 8 |  8.9
Armour         | 3 4 5 7 |  7.5
Dodging        | 1 2 3 4 |  4.1
Fighting       | 4 5 6 |  6.6
Evocations     | 1 |  1.3
Throwing       | |  0.5
Shields        | |  2.6

Action                     |  1- 3 |  4- 6 |  7- 9 | 10-12 || total
---------------------------+-------+-------+-------+-------++-------
  Melee: Long sword        |   160 |   168 |   586 |    32 ||   946
         Punch             |     3 |     1 |    12 |       ||    16
  Throw: Dart              |       |       |    11 |       ||    11
  Evoke: Wand              |       |       |     3 |       ||     3
    Use: Scroll            |     1 |       |     8 |       ||     9
         Potion            |       |       |     6 |     4 ||    10
   Stab: Distracted        |       |     2 |     2 |       ||     4
         Invisible         |       |       |     4 |       ||     4
 Armour: Scale mail        |   108 |   115 |   296 |    19 ||   538
  Dodge: Dodged            |    95 |   140 |   390 |    39 ||   664
